 Dungeon Crawl Stone Soup version 0.16.0-16-g311141a (webtiles) character file.

1415 wojtek the Slicer (level 9, -4/56 HPs)
             Began as a Kobold Assassin on Mar 20, 2015.
             Was a Believer of Makhleb.
             Slain by an ice beast (11 damage)
             ... on level 6 of the Dungeon.
             The game lasted 00:14:36 (7925 turns).

wojtek the Slicer (Kobold Assassin)                 Turns: 7925, Time: 00:14:37

Health: -4/56      AC:  4    Str:  9    XL:     9   Next: 2%
Magic:  11/11      EV: 20    Int: 12    God:    Makhleb [**....]
Gold:   360        SH:  0    Dex: 18    Spells: 0 memorised, 8 levels left

rFire  . . .     SeeInvis .     a - +2 dagger
rCold  . . .     Clarity  .     t - +2 robe {MR+}
rNeg   + + .     SustAb   .     (no shield)
rPois  .         Gourm    .     (no helmet)
rElec  .         Spirit   .     d - +0 cloak
rCorr  .         Warding  +     D - +0 pair of gloves
rMut   .         Stasis   .     (no boots)
MR     +....                    q - amulet of warding
Stlth  +++.......               C - -2 ring of protection (curse)
                                w - ring of positive energy

@: somewhat resistant to hostile enchantments, fairly stealthy
A: carnivore 3
a: Minor Destruction, Renounce Religion


You were on level 6 of the Dungeon.
You worshipped Makhleb.
Makhleb was pleased with you.
You were very full.

You visited 2 branches of the dungeon, and saw 7 of its levels.

You collected 360 gold pieces.

Inventory:

Hand weapons
 a - a +2 dagger (weapon)
 b - a +0 blowgun
 z - a +0 dagger of draining
Missiles
 e - 34 poisoned needles
 f - 2 curare-tipped needles {=f}
 y - a stone (quivered)
Armour
 d - a +0 cloak (worn)
 t - a +2 robe of magic resistance (worn)
 D - a +0 pair of gloves (worn)
Jewellery
 q - an amulet of warding (around neck)
 v - an uncursed amulet of guardian spirit
 w - a ring of positive energy (left hand)
 C - a cursed -2 ring of protection (right hand)
Scrolls
 i - 2 scrolls of teleportation {unknown}
 j - a scroll of fear {unknown}
 k - 7 scrolls of identify
 l - a scroll of enchant armour {unknown}
 m - a scroll of recharging {unknown}
 n - 3 scrolls of remove curse {unknown}
 r - 3 scrolls of magic mapping {unknown}
 u - a scroll of noise {unknown}
 x - a scroll of random uselessness {unknown}
Potions
 c - a potion of haste {unknown}
 h - 2 potions of invisibility
 p - 3 potions of curing
 s - 2 potions of mutation
 B - a potion of brilliance
Comestibles
 g - 4 meat rations
 o - a beef jerky
 A - a slice of pizza


   Skills:
 + Level 6.8 Fighting
 - Level 8.0 Short Blades
 - Level 2.6 Throwing
 + Level 7.2 Dodging
 - Level 5.3 Stealth
 + Level 1.8 Invocations


You had 8 spell levels left.
You didn't know any spells.

Dungeon Overview and Level Annotations

Branches:
Dungeon (6/15)             Temple (1/1) D:4

Altars:
Ashenzari
Cheibriados
Dithmenos
Fedhas
Gozag
Kikubaaqudgha
Makhleb
Nemelex Xobeh
Okawaru
Sif Muna
Trog
Vehumet
Xom
Yredelemnul
Zin

Annotations:
D:5 Grinder
D:6 Eustachio


Innate Abilities, Weirdness & Mutations

You are small and have problems with some larger weapons.
You are carnivorous and can eat meat at any time.


Message History

Press: ? - help, Shift-Dir - straight line, f - worker ant, p - Eustachio
Aim: a worker ant You shoot a poisoned needle.
The poisoned needle hits the worker ant!
The worker ant is poisoned.
The worker ant bites you.
Wield which item (- for none, * to show all)? (? for menu, Esc to quit)
a - a +2 dagger (weapon)
The ice beast hits you. The ice beast freezes you!
* * * LOW HITPOINT WARNING * * *
The worker ant completely misses you.
You completely miss the worker ant.
The worker ant is lightly wounded.
Eustachio casts a spell.
You hit the worker ant.
The worker ant is moderately wounded.
The river rat disappears in a puff of smoke!
The ice beast hits you.
* * * LOW HITPOINT WARNING * * *
The ice beast freezes you!
You die...

.###......#
...'......#
..##......########
..........>br@..r#
#..##.##(#######@#
.........# #r#
##..#.#### #ยง#
##.#.# #Y# #.#.#
#@# #.#.# #a#
#.#.# #)# #.#.#
#.# #...#
######'##### ##..#
#...)......#
###..#
#..........#
#....#
#..<.......#
#.#..#
#..........#


You could see Eustachio, an ice beast, a worker ant, a river rat and a quokka.

Vanquished Creatures
  A black bear (D:6)
  A centaur (D:6)
  3 ogres (D:4)
  A phantom (D:6)
  Duvessa (D:6)
  A scorpion (D:4)
  Dowan (D:6)
  2 hounds
  A giant frog skeleton (D:4)
  A gnoll shaman (D:4)
  An orc priest (D:4)
  7 orc wizards
  4 worker ants (D:4)
  A hound skeleton (D:4)
  A worker ant zombie (D:6)
  7 adders
  8 gnolls
  5 worms
  8 giant geckos
  11 orcs
  9 bats
  2 bat zombies
  9 goblins
  14 hobgoblins
  2 jackals (D:1)
  2 giant cockroaches
  6 giant newts
  9 kobolds
  12 rats
  A spectral orc (D:4)
132 creatures vanquished.

Notes
Turn   | Place    | Note
--------------------------------------------------------------
     0 | D:1      | wojtek, the Kobold Assassin, began the quest for the Orb.
     0 | D:1      | Reached XP level 1. HP: 12/12 MP: 1/1
    75 | D:1      | Reached XP level 2. HP: 17/17 MP: 2/2
   714 | D:1      | Reached XP level 3. HP: 21/21 MP: 3/3
  1169 | D:2      | Reached skill level 5 in Short Blades
  1273 | D:2      | Reached XP level 4. HP: 8/26 MP: 4/4
  1830 | D:2      | Found a deep blue altar of Sif Muna.
  2225 | D:3      | Reached skill level 6 in Short Blades
  2599 | D:3      | Reached XP level 5. HP: 25/30 MP: 5/5
  2837 | D:3      | Found an ancient bone altar of Kikubaaqudgha.
  3030 | D:3      | Reached skill level 7 in Short Blades
  3263 | D:3      | Reached XP level 6. HP: 25/35 MP: 6/6
  3599 | D:4      | Found a radiant altar of Vehumet.
  3632 | D:4      | Reached skill level 8 in Short Blades
  4098 | D:4      | Noticed an ogre
  4139 | D:3      | Reached XP level 7. HP: 12/41 MP: 7/7
  4665 | D:4      | Found a staircase to the Ecumenical Temple.
  4694 | Temple   | Entered the Ecumenical Temple
  4779 | Temple   | Became a worshipper of Makhleb the Destroyer
  4916 | D:4      | Killed an ogre
  5032 | D:4      | Noticed an ogre
  5101 | D:4      | Killed an ogre
  5160 | D:4      | Reached skill level 5 in Dodging
  5336 | D:4      | Found a basalt altar of Yredelemnul.
  5467 | D:4      | Reached XP level 8. HP: 39/48 MP: 8/8
  5691 | D:4      | Reached skill level 5 in Fighting
  5978 | D:5      | Entered Level 5 of the Dungeon
  6038 | D:5      | Noticed Grinder
  6228 | D:4      | Acquired Makhleb's first power
  6444 | D:5      | Paralysed by Grinder for 7 turns
  7424 | D:6      | Noticed Eustachio
  7471 | D:6      | Reached skill level 1 in Invocations
  7520 | D:6      | Noticed Duvessa
  7543 | D:6      | Killed Duvessa
  7666 | D:6      | Noticed Dowan
  7678 | D:6      | Killed Dowan
  7678 | D:6      | Reached XP level 9. HP: 56/56 MP: 9/11
  7739 | D:6      | Acquired Makhleb's second power
  7925 | D:6      | Slain by an ice beast

Action                   |  1- 3 |  4- 6 |  7- 9 || total
-------------------------+-------+-------+-------++-------
Melee: Dagger            |    66 |    78 |   292 ||   436
 Fire: Blowgun           |       |    42 |    28 ||    70
  Use: Potion            |       |     1 |       ||     1
       Scroll            |       |       |     4 ||     4
 Stab: Sleeping          |     8 |     3 |    11 ||    22
       Distracted        |       |     1 |     2 ||     3
  Eat: Chunk             |     9 |     8 |    11 ||    28
